cohdb
Replays
Latest Replays
All Replays
Popular Replays
Top Player Replays
Match Explorer
How It Works
Community
CoH3 Stats
Reddit
Sign in to upload your games and track your stats! →
Sign in with Steam
Match 45269303
Unlisted
Match 45269303
Overview
Messages
Build Orders
End
Panzerpioneer Squad
Panzerpioneer Squad
Selects Italian Infantry
Construct Light Support Kompanie
MG34 Team
2.5-tonne Medical Truck
Selects Defensive Operations
MG34 Team
MG34 Team
Construct Mechanized Kompanie
Selects Guastatori Squad
Selects L6/40 Light Tank Combat Group
Selects Guastatori Squad
Selects Registered Artillery
Panzerjäger Mechanized Group
Registered Artillery
254 Reconnaissance Tractor
Registered Artillery
Selects Prepared Positions
254 Reconnaissance Tractor
Selects Propaganda War
Propaganda War
Assault Mechanized Group
Selects Towed Cannone da 105/28 Field Howitzer
254 Reconnaissance Tractor
Registered Artillery
Marder III Tank Destroyer
Marder III Tank Destroyer
Registered Artillery
[=v=]ClaudiaEnfield
Doge 👊🏻🇺🇸🔥
Stormless
Grunka Lunka
0
0
Comments
sign in to comment!
No comments posted yet!